 Dungeon Crawl Stone Soup version 0.32-a0-30-gefbe487952 (webtiles) character file.

Game seed: 7259799642992637804

491 Dirtsage the Changeling (level 7, -2/46 HPs)
             Began as an Octopode Shapeshifter on Jan 19, 2024.
             Slain by Pikel
             ... wielding a +1 whip of freezing
              (5 damage)
             ... on level 5 of the Dungeon.
             The game lasted 00:05:09 (3883 turns).

Dirtsage the Changeling (Octopode Shapeshifter)     Turns: 3883, Time: 00:05:09

Health: -2/46      AC:  1    Str: 13    XL:     7   Next: 14%
Magic:  7/7        EV: 14    Int: 13    God:
Gold:   278        SH:  0    Dex: 13    Spells: 6/6 levels left

rFire   . .          .
                       - Unarmed
rCold   . . .        (no shield)
rNeg    . . .        (helmet currently unavailable)
rPois   .            (no amulet)
rElec   .            (no ring)
rCorr   .            (no ring)
SInv    .            (no ring)
Will    .....        (no ring)
Stlth   ++           (no ring)
HPRegen 0.27/turn    (no ring)
MPRegen 0.10/turn    (no ring)
                     (no ring)

%: no passive effects
@: beast-form
A: beast (slay +2), almost no armour, amphibious, 8 rings, camouflage 1,
gelatinous body 1, (nimble swimmer 1), tentacles
a: Begin Untransformation


You were on level 5 of the Dungeon.
You were a hulking beast.
You visited 1 branch of the dungeon, and saw 5 of its levels.

You collected 278 gold pieces.

Inventory:

Missiles
 k - 6 curare-tipped darts (quivered)
Talismans
 b - a beast talisman
 c - a flux talisman
Wands
 p - a wand of mindburst (9)
Scrolls
 d - 6 scrolls of identify {unknown}
 f - 2 scrolls of enchant weapon {unknown}
 g - 2 scrolls of revelation {unknown}
 h - a scroll of vulnerability {unknown}
 j - a scroll of enchant armour {unknown}
 n - a scroll of blinking {unknown}
 s - a scroll of teleportation {unknown}
Potions
 a - a potion of lignification
 e - a potion of enlightenment {unknown}
 i - 2 potions of haste {unknown}
 l - a potion of invisibility {unknown}
 m - a potion of might {unknown}
 o - a potion of resistance {unknown}
 q - a potion of berserk rage {unknown}
 r - a potion of experience {unknown}
 t - a potion of brilliance {unknown}
 u - a potion of ambrosia {unknown}


   Skills:
 + Level 3.2 Fighting
 + Level 3.7 Dodging
 + Level 4.3 Unarmed Combat
 * Level 5.2 Shapeshifting


You had 6 spell levels left.
You didn't know any spells.
Your spell library contained the following spells:

 Spells                   Type           Power      Damage    Failure   Level
 Tukima's Dance           Hex            0%         N/A       67%         3
 Dimensional Bullseye     Hex/Tloc       0%         N/A       97%         4
 Iskenderun's Mystic Bla  Conj/Tloc      0%         2d3       97%         4


Dungeon Overview and Level Annotations

Branches:
Dungeon (5/15)
 Temple: D:4-7

Altars:

Annotations:
D:5 Pikel


Innate Abilities, Weirdness & Mutations

You are a hulking beast.
Your limbs bulge with bestial killing power. (Slay +2)
You cannot wear most types of armour.
You are amphibious.
You can wear up to eight rings at the same time.
Your skin changes colour to match your surroundings (Stealth+).
Your rubbery body absorbs attacks. (AC +1, EV +1)
((You are camouflaged when in or above water. (Stealth+)))
You have tentacles for arms and can constrict up to eight enemies at once.


Message History

You tentacle-slap Pikel.
Pikel is lightly wounded.
You constrict Pikel.
Pikel hits you with a +1 whip of freezing!
Pikel freezes you.
You take 14 damage, and have 27/46 hp.
MASSIVE DAMAGE!!
You tentacle-slap Pikel.
Pikel is moderately wounded.
You constrict Pikel. Pikel misses you.
You tentacle-slap Pikel but do no damage.
You squeeze Pikel, but do no damage.
Pikel is moderately wounded.
You constrict Pikel, but do no damage.
Pikel hits you with a +1 whip of freezing!
Pikel freezes you.
You take 11 damage, and have 16/46 hp.
MASSIVE DAMAGE!!
You tentacle-slap Pikel. You squeeze Pikel, but do no damage.
Pikel is heavily wounded.
You constrict Pikel.
Pikel hits you with a +1 whip of freezing!
* * * LOW HITPOINT WARNING * * *
Pikel freezes you.
* * * LOW HITPOINT WARNING * * *
You take 14 damage, and have 2/46 hp.
MASSIVE DAMAGE!!
You tentacle-slap Pikel but do no damage.
Pikel is heavily wounded.
You constrict Pikel, but do no damage. Pikel barely misses you.
You tentacle-slap Pikel. You squeeze Pikel.
Pikel is severely wounded.
You constrict Pikel.
You tentacle-slap Pikel but do no damage.
You squeeze Pikel, but do no damage.
Pikel is severely wounded.
You constrict Pikel. Pikel barely misses you.
You barely miss Pikel. You squeeze Pikel.
Pikel is almost dead.
You constrict Pikel.
Pikel hits you with a +1 whip of freezing.
You die...
Pikel says, "Another soul for the market."

.# ..........#.#.#....##
....# .##......##.#......#
.....##...........).....##
.....#).###..............#
.
........###.............##
..
.......#.#5...#####...##
............55...# #.###
....####.#.#K###.# ###
..........##h# ###
...........### #.##+
...#........##.....
..#.#............#
.>................
...#............... .#.
##..............
##.#..............#
.......<......####


You could see Pikel and 3 lemures.

Vanquished Creatures
  Sigmund (D:3)
  A lemure (D:5)
  Blork the orc (D:5)
  A gnoll bouda (D:4)
  Terence (D:2)
  6 adders
  8 gnolls
  2 ribbon worms
  4 orcs
  4 bats
  6 endoplasms
  A giant cockroach (D:4)
  9 hobgoblins
  5 jackals (D:3)
  6 kobolds
  5 quokkas
  5 ball pythons
  10 frilled lizards
  5 goblins
  10 rats
91 creatures vanquished.

Notes
Turn   | Place    | Note
-------+----------+-------------------------------------------
     0 | D:1      | Dirtsage the Octopode Shapeshifter began the quest for the
                  | Orb.
     0 | D:1      | Reached XP level 1. HP: 13/13 MP: 1/1
   209 | D:1      | Reached XP level 2. HP: 18/18 MP: 2/2
   629 | D:1      | Reached XP level 3. HP: 19/23 MP: 3/3
  1259 | D:2      | Noticed Terence
  1270 | D:2      | Killed Terence
  1271 | D:2      | Reached XP level 4. HP: 12/29 MP: 4/4
  1341 | D:2      | Found a faded altar of an unknown god.
  1687 | D:3      | Reached skill level 4 in Shapeshifting
  1689 | D:3      | Reached XP level 5. HP: 19/34 MP: 5/5
  2048 | D:3      | Noticed Sigmund
  2055 | D:3      | Killed Sigmund
  2056 | D:3      | Reached XP level 6. HP: 32/41 MP: 6/6
  3080 | D:4      | Reached skill level 5 in Shapeshifting
  3711 | D:5      | Entered Level 5 of the Dungeon
  3732 | D:5      | Noticed Blork the orc
  3742 | D:5      | Killed Blork the orc
  3743 | D:5      | Reached XP level 7. HP: 29/46 MP: 7/7
  3842 | D:5      | Noticed Pikel
  3879 | D:5      | HP: 2/46 [Pikel/+1 whip of freezing (3)]
  3883 | D:5      | Slain by Pikel

Illustrated notes

Levels and vault maps discovered:
D:1:      wander_arrival_estate, layout_basic, roderic_roman_lattice,
          minmay_statues_item, serial_bayou_pond_a
D:2:      layout_rooms, shapermc_ecumenical_altar_mp_urbaneastern,
          minmay_lizard_king, uniq_terence
D:3:      layout_basic, interstate_on_off, uniq_sigmund
D:4:      layout_loops_ring, kennysheep_windowed_goal
D:5:      layout_cave_pools, grunt_temple_overflow_champion_of_chaos,
          serial_shops, nicolae_shop_tiny_statue_garden, uniq_pikel,
          uniq_blork_the_orc

Skill      XL: |  1  2  3  4  5  6 |
---------------+-------------------+-----
Fighting       | 2 3 |  3.2
Shapeshifting  | 4 5 |  5.2
Dodging        | 3 |  3.7
Unarmed Combat | 4 |  4.3

Action                     |  1- 3 |  4- 6 |  7- 9 || total
---------------------------+-------+-------+-------++-------
  Melee: Unarmed           |    76 |   115 |    14 ||   205
         Constrict         |    17 |    32 |     2 ||    51
         Tentacles         |     9 |    26 |     6 ||    41
         Punch             |       |     3 |       ||     3
   Stab: Sleeping          |     7 |     4 |       ||    11
 Armour: Skin              |    23 |    43 |     5 ||    71
  Dodge: Dodged            |    42 |    64 |     6 ||   112

Table legend: (Time is in decaauts)
 A = Elapsed time spent in this place.
 B = Non-inter-level travel time spent in this place.
 C = Inter-level travel time spent in this place.
 D = Time resting spent in this place.
 E = Time spent auto-exploring this place.
 F = Levels seen in this place.
 G = Mean time per level.
                   A        B        C        D        E       F      G
               +--------+--------+--------+--------+--------+-----+--------+
         Total |   3869 |   3732 |    137 |     44 |   3085 |   5 |  773.8 |
       Dungeon |   3869 |   3732 |    137 |     44 |   3085 |   5 |  773.8 |
               +--------+--------+--------+--------+--------+-----+--------+

Top non-repeatable levels by time:
     D:3: 1239 daAuts
     D:1: 981 daAuts
     D:4: 875 daAuts
     D:2: 602 daAuts
     D:5: 170 daAuts
